 Dungeon Crawl Stone Soup version 0.23.0 (webtiles) character file.

Game seed: 9205572674096337515

745 EnegeticOcto the Ruffian (level 7, 33/56 HPs)
             Began as a Demonspawn Gladiator on Feb 10, 2019.
             Quit the game on level 5 of the Dungeon.
             The game lasted 00:03:06 (3671 turns).

EnegeticOcto the Ruffian (Demonspawn Gladiator)     Turns: 3671, Time: 00:03:07

Health: 33/56      AC:  4    Str: 16    XL:     7   Next: 47%
Magic:  7/7        EV: 13    Int:  9    God:
Gold:   246        SH:  0    Dex: 15    Spells: 6/6 levels left

rFire    . . .     SeeInvis .   a - +0 war axe
rCold    . . .     Gourm    .   (no shield)
rNeg     . . .     Faith    .   b - +0 leather armour
rPois    .         Spirit   .   (helmet restricted)
rElec    .         Reflect  .   j - +0 cloak
rCorr    .         Harm     .   (no gloves)
MR       .....                  (no boots)
Stlth    +.........             (no amulet)
HPRegen  0.18/turn              (no ring)
MPRegen  0.10/turn              (no ring)

@: no status effects
A: claws 1, horns 1, talons 1, spiny 1
a: no special abilities


You were on level 5 of the Dungeon.
You were not hungry.

You visited 1 branch of the dungeon, and saw 5 of its levels.

You collected 246 gold pieces.

Inventory:

Hand Weapons
 a - a +0 war axe (weapon)
Missiles
 d - 3 throwing nets (quivered) {!f}
Armour
 b - a +0 leather armour (worn)
 j - a +0 cloak (worn)
Wands
 i - a wand of acid (12)
Scrolls
 m - 2 scrolls of identify {@r1}
Potions
 e - 2 potions of curing {@q1}
 g - 2 potions of ambrosia {unknown}
 h - a potion of agility {@q5 !q}
 k - a potion of magic {unknown}
 l - a potion of lignification {unknown}
Comestibles
 c - a chunk of flesh
 f - 6 rations


   Skills:
 + Level 5.1 Fighting
 - Level 4.1 Axes
 - Level 1.7 Throwing
 - Level 2.6 Dodging
 * Level 5.2 Unarmed Combat


You had 6 spell levels left.
You didn't know any spells.
Your spell library was empty.

Dungeon Overview and Level Annotations

Branches:
Dungeon (5/15)
 Temple: D:4-7

Altars:
Ashenzari
Cheibriados
Dithmenos
Makhleb
Zin


Innate Abilities, Weirdness & Mutations

You have sharp fingernails.
You have a pair of small horns on your head.
You have sharp toenails.
You are partially covered in sharp spines.


Message History

You hit the centaur zombie but do no damage.
You claw the centaur zombie.
You destroy the centaur zombie!
The crimson imp blinks!
The crimson imp blinks!
You feel sick.
You are no longer poisoned.
The crimson imp blinks!
You are too injured to fight recklessly!
You are too injured to fight recklessly!
You are too injured to fight recklessly!
You are too injured to fight recklessly!
You are too injured to fight recklessly!
You are too injured to fight recklessly!
You are too injured to fight recklessly!
You are too injured to fight recklessly!
A crimson imp is nearby!
A crimson imp is nearby!
You are too injured to fight recklessly!
Are you sure you want to abandon this character and quit the game? (Confirm with "yes".)

#......<#
#..#.#)###
#........#
....#.#.#.# ..
#5§....#
##.#.#.#####..
#.............
#.#.#.#........
#....@.........
....#.#.#........
#[#...§.........?
...#.#.#########
#.#...... . #+#
#.# ... #.#


You could see a crimson imp.

Vanquished Creatures
  Sigmund (D:2)
  A centaur (D:5)
  A big kobold (D:4)
  A crimson imp (D:3)
  A centaur zombie (D:5)
  Crazy Yiuf (D:3)
  2 orc priests (D:3)
  Jessica (D:2)
  2 worker ants (D:4)
  Robin (D:2)
  6 adders
  A shadow imp (D:3)
  An ooze (D:3)
  5 worms
  4 dart slugs
  A leopard gecko (D:2)
  8 orcs (D:3)
  5 bats
  2 giant cockroaches (D:4)
  17 goblins
  12 hobgoblins
  2 jackals (D:1)
  5 quokkas
  2 frilled lizards
  13 kobolds
  6 rats
102 creatures vanquished.

Notes
Turn   | Place    | Note
-------+----------+-------------------------------------------
     0 | D:1      | EnegeticOcto the Demonspawn Gladiator began the quest for
                  | the Orb.
     0 | D:1      | Reached XP level 1. HP: 16/16 MP: 1/1
   185 | D:1      | Gained mutation: You have a pair of small horns on your
                  | head. [demonic ancestry]
   185 | D:1      | Reached XP level 2. HP: 15/22 MP: 2/2
   832 | D:2      | Noticed Jessica
   839 | D:2      | Killed Jessica
   839 | D:2      | Gained mutation: You are partially covered in sharp spines.
                  | [demonic ancestry]
   839 | D:2      | Reached XP level 3. HP: 20/28 MP: 3/3
   977 | D:2      | Noticed Robin
   987 | D:2      | Killed Robin
   987 | D:2      | Gained mutation: You have sharp toenails. [demonic
                  | ancestry]
   987 | D:2      | Reached XP level 4. HP: 25/34 MP: 4/4
  1285 | D:2      | Noticed Sigmund
  1297 | D:2      | Killed Sigmund
  1297 | D:2      | Gained mutation: You have sharp fingernails. [demonic
                  | ancestry]
  1297 | D:2      | Reached XP level 5. HP: 35/42 MP: 5/5
  1409 | D:2      | Found a shadowy altar of Dithmenos.
  1437 | D:2      | Reached XP level 6. HP: 41/48 MP: 6/6
  1776 | D:2      | Found a burning altar of Makhleb.
  1776 | D:2      | Noticed a blizzard demon
  2052 | D:3      | Found a glowing silver altar of Zin.
  2407 | D:3      | Found a shattered altar of Ashenzari.
  2689 | D:3      | Found a runed translucent door.
  2690 | D:3      | Noticed Crazy Yiuf
  2695 | D:3      | Killed Crazy Yiuf
  2980 | D:4      | Reached XP level 7. HP: 47/55 MP: 7/7
  3373 | D:4      | Found a snail-covered altar of Cheibriados.
  3641 | D:5      | Entered Level 5 of the Dungeon
  3643 | D:5      | Reached skill level 5 in Fighting
  3643 | D:5      | Reached skill level 5 in Unarmed Combat
  3671 | D:5      | Quit the game

Skill      XL: |  1  2  3  4  5  6  7 |
---------------+----------------------+-----
Axes           | 3 4 |  4.1
Fighting       | 3 4 5 |  5.1
Unarmed Combat | 2 3 4 5 |  5.2
Throwing       | |  1.7
Dodging        | |  2.6

Action                   |  1- 3 |  4- 6 |  7- 9 || total
-------------------------+-------+-------+-------++-------
Melee: War axe           |    50 |    99 |    42 ||   191
       Headbutt          |     4 |    19 |     4 ||    27
       Kick              |       |    25 |    14 ||    39
       Punch             |       |     1 |     1 ||     2
  Use: Potion            |     1 |       |       ||     1
       Scroll            |       |     4 |       ||     4
 Stab: Sleeping          |     1 |     1 |     1 ||     3
       Distracted        |     1 |       |       ||     1
  Eat: Chunk             |       |     7 |     2 ||     9
Armor: Leather armour    |     8 |     6 |     8 ||    22
Dodge: Dodged            |    21 |    61 |    15 ||    97
